 Dungeon Crawl Stone Soup version 0.30-a0-459-g9104f0fc43 (webtiles) character file.

Game seed: 10412800751143276381

145 JoshKwa the Trooper (level 5, -8/46 HPs)
             Began as a Draconian Fighter on Dec 16, 2022.
             Blown up by Ijyb (19 damage)
             ... with a mindburst bolt
             ... on level 5 of the Dungeon.
             The game lasted 00:09:28 (1694 turns).

JoshKwa the Trooper (Draconian Fighter)             Turns: 1694, Time: 00:09:29

Health: -8/46      AC:  6    Str: 18    XL:     5   Next: 6%
Magic:  1/1        EV: 12    Int: 11    God:
Gold:   74         SH:  5    Dex: 10    Spells: 4/4 levels left

rFire   + . .      SeeInvis .    f - +2 trident (antimagic)
rCold   . . .      Faith    .    b - +1 buckler
rNeg    . . .      Spirit   .    (body armour unavailable)
rPois   .          Reflect  .    (helmet restricted)
rElec   .          Harm     .    d - +0 cloak
rCorr   .          Rampage  .    (no gloves)
Will    .....                    (no boots)
Stlth   +.........               (no amulet)
HPRegen 0.27/turn                a - ring of protection from fire
MPRegen 0.07/turn                (no ring)

@: no status effects
A: AC +5, unfitting armour, cold-blooded
a: no special abilities


You were on level 5 of the Dungeon.
You visited 1 branch of the dungeon, and saw 4 of its levels.

You collected 74 gold pieces.

Inventory:

Hand Weapons
 f - a +2 antimagic trident (weapon)
 g - a +3 dagger of speed
 i - a +4 quarterstaff of chaos
 k - a +2 hand axe of flaming
Armour
 b - a +1 buckler (worn)
 d - a +0 cloak (worn)
Jewellery
 a - a ring of protection from fire (left hand)
Scrolls
 e - a scroll of immolation
Potions
 c - 2 potions of might
 h - a potion of flight {unknown}
 j - a potion of magic


   Skills:
 + Level 4.1 Fighting
 + Level 2.0 Short Blades
 + Level 2.5(2.6) Axes
 + Level 0.5(1.7) Polearms
 + Level 3.3 Dodging
 + Level 0.6 Stealth
 + Level 3.6 Shields


You had 4 spell levels left.
You didn't know any spells.
Your spell library contained the following spells:

 Spells                   Type           Power      Damage    Failure   Level
 Magic Dart               Conj           0%         1d3       43%         1
 Call Imp                 Summ           0%         N/A       56%         2
 Mephitic Cloud           Conj/Pois/Air  0%         N/A       80%         3


Dungeon Overview and Level Annotations

Branches:
Dungeon (3/15)

Altars:

Annotations:
D:5 Ijyb


Innate Abilities, Weirdness & Mutations

Your plain brown scales are hard. (AC +5)
You cannot fit into any form of body armour.
You are cold-blooded and may be slowed by cold attacks.


Message History

You hit the endoplasm.
Your tail-slap misses the endoplasm.
The endoplasm is almost dead.
The adder barely misses you.
The endoplasm hits you but does no damage.
You puncture the endoplasm!
You kill the endoplasm!
The adder closely misses you. The adder bites you.
You are poisoned.
The adder poisons you!
You feel sick. The adder bites you but does no damage.
You feel sick. You block the adder's attack. The adder barely misses you.
A sourceless malevolence fills the Dungeon...
You fall into a shaft and drop 2 floors!
The shaft crumbles and collapses.
You feel sick.
Found a scroll labelled SUACKOMUPPONT.
You feel sick.
You feel sick.
You feel sick.
You are no longer poisoned.
Ijyb the Twisted Goblin comes into view.
She is wielding a +2 dagger of speed and carrying a wand of mindburst (16).
Ijyb shouts!
You hear an angry hiss.
Ijyb zaps a wand.
Your mind is blasted!
Ijyb screams, "I cut your head off!"
You see here a scroll labelled SUACKOMUPPONT.
Ijyb hits you with a +2 dagger of speed.
You hit Ijyb.
Ijyb is moderately wounded.
Ijyb hits you with a +2 dagger of speed.
An iguana comes into view.
You puncture Ijyb!
Ijyb is heavily wounded.
Ijyb zaps a wand.
Your mind is blasted!
* * * LOW HITPOINT WARNING * * *
An iguana comes into view.
You block Ijyb's attack.
The iguana hisses angrily.
You hit Ijyb.
Ijyb is severely wounded.
Ijyb zaps a wand.
Your mind is blasted!
You die...

## ### .## #.##
..# ##..## #.#
#....#
#.#####....###
#.##.#.....#.##
#....#........#..
#.......?........
#......#.@.......
#.####.##g.......
.... .......##...
#..... ........#
#.
#..............#
........##..l...#
........ l...##.#
..... ..


You could see Ijyb and 2 iguanas.

Vanquished Creatures
  Crazy Yiuf (D:2)
  Jessica (D:2)
  3 adders (D:2)
  A worm (D:2)
  2 dart slugs
  7 endoplasms
  3 hobgoblins
  7 jackals (D:1)
  4 kobolds
  3 quokkas
  8 ball pythons
  4 bats (D:2)
  A frilled lizard (D:2)
  3 goblins
  6 rats
54 creatures vanquished.

Vanquished Creatures (others)
  2 fungi (D:2)
2 creatures vanquished.

Grand Total: 56 creatures vanquished

Notes
Turn   | Place    | Note
-------+----------+-------------------------------------------
     0 | D:1      | JoshKwa the Draconian Fighter began the quest for the Orb.
     0 | D:1      | Reached XP level 1. HP: 19/19 MP: 1/1
    71 | D:1      | Reached XP level 2. HP: 19/26 MP: 2/2
   404 | D:1      | Found a faded altar of an unknown god.
   418 | D:1      | Reached XP level 3. HP: 32/33 MP: 3/3
   731 | D:2      | Found a runed translucent door.
   731 | D:2      | Noticed Crazy Yiuf
   919 | D:2      | Reached skill level 1 in Short Blades
   931 | D:2      | Identified the +3 robe of Coginoic {rN+++ rCorr Dex-4
                  | Stlth-}
  1059 | D:2      | Reached XP level 4. HP: 40/40 MP: 4/4
  1133 | D:2      | Noticed Jessica
  1145 | D:2      | Killed Jessica
  1146 | D:2      | Reached skill level 4 in Fighting
  1476 | D:2      | Killed Crazy Yiuf
  1477 | D:2      | Reached XP level 5. HP: 39/46 MP: 1/5
  1682 | D:3      | You fall into a shaft and drop 2 floors!
  1682 | D:5      | Entered Level 5 of the Dungeon
  1688 | D:5      | Noticed Ijyb
  1694 | D:5      | Blown up by Ijyb

Illustrated notes

Levels and vault maps discovered:
D:1:      dpeg_arrival_chambers_temple_mockup, layout_basic,
          hellmonk_ecumenical_altar_heavens_door, minmay_indecisive_spiral
D:2:      minmay_spotlight, layout_basic, uniq_crazy_yiuf_cottage, uniq_jessica
D:3:      layout_loops_corners, mainiacjoe_overflow_boulevard,
          lemuel_blue_sif_altar, serial_shops, shop
D:5:      layout_cave_pools, mainiacjoe_overflow_large_starburst, uniq_ijyb

Skill      XL: |  1  2  3  4 |
---------------+-------------+-----
Dodging        | 3 |  3.3
Short Blades   | 1 2 |  2.0
Fighting       | 4 |  4.1
Axes           | |  2.5
Polearms       | |  0.5
Stealth        | |  0.6
Shields        | |  3.6

Action                   |  1- 3 |  4- 6 || total
-------------------------+-------+-------++-------
Melee: War axe           |    22 |       ||    22
       Tailslap          |    14 |     9 ||    23
       Dagger            |   108 |     7 ||   115
       Trident           |       |    32 ||    32
  Use: Scroll            |     6 |     1 ||     7
       Potion            |     1 |       ||     1
 Stab: Sleeping          |     1 |       ||     1
Armor: Skin              |    47 |    10 ||    57
Dodge: Dodged            |    54 |    13 ||    67
Block: Buckler           |    30 |     7 ||    37

Table legend: (Time is in decaauts)
 A = Elapsed time spent in this place.
 B = Non-inter-level travel time spent in this place.
 C = Inter-level travel time spent in this place.
 D = Time resting spent in this place.
 E = Time spent auto-exploring this place.
 F = Levels seen in this place.
 G = Mean time per level.
                   A        B        C        D        E       F      G
               +--------+--------+--------+--------+--------+-----+--------+
         Total |   1674 |   1256 |    418 |     29 |      0 |   4 |  418.5 |
       Dungeon |   1674 |   1256 |    418 |     29 |      0 |   4 |  418.5 |
               +--------+--------+--------+--------+--------+-----+--------+

Top non-repeatable levels by time:
     D:2: 970 daAuts
     D:1: 580 daAuts
     D:3: 111 daAuts
     D:5: 12 daAuts
